 Dungeon Crawl Stone Soup version 0.30-a0-972-gf3ab3527aa (webtiles) character file.

Game seed: 5317229663361200249

3052 kae the Changer (level 9, -9/70 HPs)
             Began as a Demonspawn Transmuter on Mar 31, 2023.
             Was a High Priest of Uskayaw.
             Mangled by an ogre
             ... wielding a +0 giant spiked club
              (27 damage)
             ... on level 7 of the Dungeon.
             The game lasted 00:07:14 (6477 turns).

kae the Changer (Demonspawn Transmuter)             Turns: 6477, Time: 00:07:14

Health: -9/70      AC: 10    Str: 11    XL:     9   Next: 57%
Magic:  15/17      EV: 10    Int: 19    God:    Uskayaw [*****.]
Gold:   292        SH:  0    Dex: 19    Spells: 8/18 levels left

rFire   x . .      SeeInvis .      - Unarmed
rCold   + + +      Faith    .    (shield currently unavailable)
rNeg    . . .      Spirit   .    a - melded +1 robe
rPois   +          Reflect  .    (helmet currently unavailable)
rElec   .          Rampage  .    (cloak currently unavailable)
rCorr   .          Archmagi +    (gloves unavailable)
Will    .....                    (boots currently unavailable)
Stlth   ++                       k - amulet of magic regeneration
HPRegen 0.31/turn                D - +6 ring of dexterity
MPRegen 0.55/turn                e - ring of the Mage {Wiz Archmagi}

@: ice-form, wereblooded
A: freezing attack, amphibious, boosted hp, large, demonic guardian 1, ignite
blood 1, (sharp scales 1), (demonic touch 3)
a: End Transformation, Renounce Religion, Stomp, Line Pass, Grand Finale


You were on level 7 of the Dungeon.
You worshipped Uskayaw.
Uskayaw was noncommittal.
You were a creature of crystalline ice.
You visited 2 branches of the dungeon, and saw 8 of its levels.
You also visited: Sewer.

You collected 462 gold pieces.
You spent 170 gold pieces at shops.


Innate Abilities, Weirdness & Mutations

You are a creature of crystalline ice.
You have a powerful freezing melee attack.
You are amphibious.
Your maximum health is increased.
Your armour is entirely melded.
You are incapable of wielding weapons or throwing items.
A weak demonic guardian rushes to your aid.
Your demonic aura sometimes causes spilled blood to erupt in flames.
((You are partially covered in razor-sharp scales. (AC +1, Slay +1)))
((Your touch may irresistibly damage your foes and sap their willpower.))


   Skills:
 - Level 1.0 Fighting
 - Level 1.7 Dodging
 + Level 5.8 Unarmed Combat
 + Level 5.4 Spellcasting
 * Level 7.5 Transmutations
 - Level 5.0 Ice Magic
 - Level 1.0 Poison Magic
 + Level 5.5 Invocations


You had 8 spell levels left.
You knew the following spells:

 Your Spells              Type           Power      Damage    Failure   Level
a - Beastly Appendage     Tmut           100%       N/A       1%          1
b - Wereblood             Tmut           50%        N/A       1%          2
c - Spider Form           Tmut/Pois      32%        N/A       2%          3
d - Ice Form              Ice/Tmut       43%        N/A       3%          4

Your spell library contained the following spells:

 Spells                   Type           Power      Damage    Failure   Level
 Hailstorm                Conj/Ice       21%        3d6       5%          3
 Dazzling Flash           Conj/Hex       14%        N/A       14%         3
 Agony                    Necr           7%         N/A       75%         5
 Silence                  Hex/Air        3%         N/A       75%         5
 Simulacrum               Ice/Necr       10%        N/A       92%         6
 Chain Lightning          Conj/Air       3%         3d4       100%        9
 Fire Storm               Conj/Fire      3%         8d1       100%        9
 Shatter                  Erth           3%         3d7*      100%        9

Inventory:

Missiles
 d - 46 stones
 f - 24 poisoned darts
 x - 4 datura-tipped darts
 H - 3 boomerangs
Armour
 a - a +1 robe (melded)
Magical Staves
 h - a staff of air {!a}
   (You found it on level 2 of the Dungeon)
Jewellery
 e - the ring of the Mage (right front paw) {Wiz Archmagi}
   (You acquired it on level 2 of the Dungeon)

   [ring of wizardry]

   It improves your spell success rate.
   Archmagi:  It increases the power of your magical spells.
 k - an amulet of magic regeneration (around neck)
   (You found it on level 2 of the Dungeon)
 u - the ring "Yklin" {Drain rF+ Dex+7 SInv}
   (You took it off an orc on level 4 of the Dungeon)

   [ring of see invisible]

   Dex:       It affects your dexterity (+7).
   rF:        It protects you from fire.
   SInv:      It lets you see invisible.
   Drain:     It drains your maximum health when unequipped.
 A - an amulet of the acrobat
   (You took it off a goblin on level 2 of the Dungeon)
 C - a ring of protection from cold
   (You found it on level 3 of the Dungeon)
 D - a +6 ring of dexterity (left front paw)
   (You found it on level 1 of the Dungeon)
 L - a ring of flight
   (You took it off a goblin on level 3 of the Dungeon)
Wands
 r - a wand of digging (4)
   (You found it on level 5 of the Dungeon)
 F - a wand of quicksilver (8)
   (You found it on level 6 of the Dungeon)
Scrolls
 g - 2 scrolls of summoning
 j - a scroll of enchant weapon
 m - 3 scrolls of teleportation {@r4}
 o - 7 scrolls of identify {@r1}
 s - a scroll of noise {!r}
 w - 2 scrolls of blinking {!r}
 y - a scroll of magic mapping {!r}
 G - a scroll of brand weapon {unknown}
Potions
 b - 2 potions of lignification {!q}
 c - 2 potions of degeneration {!q}
 i - 2 potions of invisibility
 l - 4 potions of heal wounds {@q2}
 n - a potion of cancellation
 p - 5 potions of resistance
 q - 3 potions of magic
 t - 2 potions of haste {@q3}
 v - 3 potions of berserk rage {!q}
 z - a potion of attraction {!q}
 B - a potion of mutation {!q}
 E - a potion of curing {@q1}

Dungeon Overview and Level Annotations

Branches:
Dungeon (7/15) Zot: 26840  Temple (1/1) D:5 Zot: 5967   Sewer (visited)

Altars:
Kikubaaqudgha
Okawaru
Qazlal
Sif Muna
Trog
Uskayaw
Vehumet
Xom

Shops:
D:4 ?

Annotations:
D:3 2 runed translucent doors, hackum's ghost, amateur MfGl

#........# #.# #.#.......
#........###.###.#.######
########.##.>....#.# ###
#.##..#####.# #..
#.##........# #.#
#.##.###########.# #)##.#
#.....#.#
#.##.#####.###.#.#
#Y##...........#.#
#O########.#####.# ...
#.......# ..... #########
#...... #......# #......#
#......#


You could see an ogre.


Message History

The orc warrior hits you with a +0 scimitar!
* * * LOW HITPOINT WARNING * * *
😨 HP[-11] MP[-4]
You take 11 damage, and now have 35/70 hp.
You lost 4 mp, and now have 9/17 mp.
Unknown command.
Unknown command.
You punch the orc warrior! You freeze the orc warrior.
Your transformation is almost over.
The kobold is no longer paralysed.
The orc warrior hits you with a +0 scimitar!
* * * LOW HITPOINT WARNING * * *
You can now pass through a line of other dancers.
You punch the orc warrior! You freeze the orc warrior.
You kill the orc warrior! 😨 HP[-10] MP[+1]
You take 10 damage, and now have 25/70 hp.
Casting: Ice Form (dangerous; 3% risk of failure)
Confirm with . or Enter, or press ? or * to list all spells.
You feel a surge of power!
Your blood is infused with primal strength.
The kobold hits you but does no damage.
The kobold closely misses you. 😨 HP[+1] MP[-1]
You lost 1 mp, and now have 9/17 mp.
You punch the kobold! You freeze the kobold.
You feel a bit better.
You kill the kobold! 😨 HP[+2] MP[+1]
You regained 2 hp, and now have 28/70 hp.
Unknown command.
You punch the kobold! You freeze the kobold.
You feel a bit better.
You kill the kobold! 😨 HP[+3]
You regained 3 hp, and now have 31/70 hp.
You barely miss the kobold. The kobold misses you. 😨 HP[+1] MP[+1]
Casting: Wereblood (safe; 1% risk of failure)
Confirm with . or Enter, or press ? or * to list all spells.
You feel a surge of power!
You extend your transformation's duration.
The kobold closely misses you.
You howl as the wereblood boils in your veins!
The kobold barely misses you. 😨 MP[-3]
You lost 3 mp, and now have 8/17 mp.
Unknown command.
You hit the kobold. You freeze the kobold.
You feel a bit better.
You kill the kobold! 😨 HP[+2] MP[+1]
You regained 2 hp, and now have 34/70 hp.
The kobold hits you with a +0 short sword.
* * * LOW HITPOINT WARNING * * *
Items here: ( ))))) [ †. 😨 HP[-2]
You take 2 damage, and now have 32/70 hp.
You punch the kobold! You freeze the kobold.
You feel a bit better.
You kill the kobold!
Uskayaw will force your foes to helplessly watch your dance. 😨 HP[+2] MP[+1]
You regained 2 hp, and now have 34/70 hp.
You closely miss something.
Something hits you but does no damage. 😨 HP[+1]
You completely miss something.
Something hits you but does no damage. 😨 MP[+1] Unknown command.
You punch something! You freeze something.
Something hits you but does no damage.
You closely miss something. Something hits you.
* * * LOW HITPOINT WARNING * * *
The kobold throws a stone. 😨 HP[-2] MP[+1]
You take 2 damage, and now have 33/70 hp.
Unknown command.
You punch something! You freeze something.
You feel a bit better.
Reactivating autopickup.
You feel a bit more experienced. 😨 HP[+2]
You regained 2 hp, and now have 35/70 hp.
You punch the orc! You freeze the orc.
You feel a bit better.
You kill the orc! 😮 HP[+2] MP[+1]
You regained 2 hp, and now have 37/70 hp.
You barely miss the kobold. The kobold barely misses you.
You hit the kobold. You freeze the kobold.
You feel a bit better.
You kill the kobold!
Uskayaw will force your foes to share their pain. 😮 HP[+1] MP[+1]
You punch the ogre! You freeze the ogre. 😮 HP[+1]
You punch the ogre! You freeze the ogre.
The ogre hits you with a +0 giant spiked club!!
* * * LOW HITPOINT WARNING * * *
You can now merge with and destroy a victim. 😨 HP[-21] MP[+1]
You take 21 damage, and now have 18/70 hp.
MASSIVE DAMAGE!! (PAUSE)
You completely miss the ogre.
You howl as the wereblood boils in your veins!
The ogre hits you with a +0 giant spiked club!!
You die...

Skill      XL: |  1  2  3  4  5  6  7  8  9 |
---------------+----------------------------+-----
Transmutations | 2 3 4 5 6 7 |  7.5
Unarmed Combat | 3 4 5 |  5.8
Poison Magic   | 1 |  1.0
Spellcasting   | 3 4 5 |  5.4
Ice Magic      | 1 2 3 5 |  5.0
Invocations    | 1 4 5 |  5.5
Fighting       | |  1.0
Dodging        | |  1.7

Action                     |  1- 3 |  4- 6 |  7- 9 || total
---------------------------+-------+-------+-------++-------
  Melee: Unarmed           |    56 |   131 |   220 ||   407
         Headbutt          |    13 |     1 |       ||    14
         Kick              |    10 |     7 |       ||    17
         Touch             |     7 |     3 |       ||    10
   Cast: Beastly Appendage |    19 |     9 |       ||    28
         Spider Form       |       |    19 |     3 ||    22
         Wereblood         |       |     3 |     5 ||     8
         Ice Form          |       |     3 |    27 ||    30
 Invoke: Line Pass         |       |       |     2 ||     2
         Stomp             |       |       |     1 ||     1
Ability: End Transformatio |       |     1 |       ||     1
    Use: Scroll            |     4 |     6 |    11 ||    21
   Stab: Sleeping          |     4 |     4 |     2 ||    10
         Paralysed         |       |       |     7 ||     7
 Armour: Robe              |     3 |       |       ||     3
         Skin              |       |     8 |    73 ||    81
  Dodge: Dodged            |    48 |   106 |    91 ||   245

Levels and vault maps discovered:
D:1:      dpeg_arrival_ternary, layout_loops_corners, corexii_leaking_fountain
D:2:      kennysheep_big_flooded_room, layout_loops_corners
D:3:      layout_basic, amcnicky_altar_gilded,
          dreamdust_ecumenical_altar_sealed_demon, ebering_ghost_sewer_f,
          mrwooster_statue_mirror, dk_noncrumbling_2, uniq_sigmund, uniq_robin,
          uniq_terence
D:4:      layout_cave_pools, nicolae_overflow_hidden_temple, serial_shops,
          nicolae_square_shop, minmay_misc_feat_plants
D:5:      layout_basic, mainiacjoe_overflow_paths, temple_pool_b,
          portal_sewer_entry_e, dk_noncrumbling_4, lightli_corner_chamber
D:6:      layout_rooms, nicolae_benzene_ring, minmay_misc_feat_enclosed,
          nrook_mini_vaults, st_stairs_2, nicolae_zen_rock_garden, uniq_maggie,
          uniq_pikel
D:7:      layout_basic, minmay_lizard_king
Temple:   nicolae_temple_god_jail

Notes
Turn   | Place    | Note
-------+----------+-------------------------------------------
     0 | D:1      | kae the Demonspawn Transmuter began the quest for the Orb.
     0 | D:1      | Reached XP level 1. HP: 15/15 MP: 3/3
     0 | D:1      | magus.rc [v1.11.3]
   191 | D:1      | Reached skill level 2 in Transmutations
   290 | D:1      | Gained mutation: Your touch may inflict minor irresistible
                  | damage on your foes. [demonic ancestry]
   290 | D:1      | Reached XP level 2. HP: 14/21 MP: 3/5
   342 | D:1      | Learned a level 2 spell: Wereblood
   978 | D:2      | Identified a scroll of acquirement
   980 | D:2      | Acquired the ring of the Mage {Wiz Archmagi}
   980 | D:2      | Found the ring of the Mage {Wiz Archmagi}
  1033 | D:2      | Reached skill level 3 in Unarmed Combat
  1130 | D:2      | Noticed a phantom
  1135 | D:2      | Reached XP level 3. HP: 26/26 MP: 4/6
  1138 | D:2      | Killed a phantom
  1139 | D:2      | Reached skill level 3 in Transmutations
  1139 | D:2      | Gained mutation: A weak demonic guardian rushes to your
                  | aid. [demonic ancestry]
  1139 | D:2      | Reached XP level 4. HP: 31/32 MP: 4/8
  1143 | D:2      | Learned a level 3 spell: Spider Form
  1897 | D:2      | Gained mutation: Your touch may inflict irresistible damage
                  | on your foes. [demonic ancestry]
  1897 | D:2      | Reached XP level 5. HP: 29/37 MP: 5/9
  1943 | D:2      | You pick up a book of Annihilations and begin reading...
  1943 | D:2      | You add the spells Chain Lightning, Fire Storm and Shatter
                  | to your library.
  2054 | D:3      | Reached skill level 1 in Poison Magic
  2115 | D:3      | Noticed Robin
  2134 | D:3      | Reached skill level 3 in Spellcasting
  2145 | D:3      | HP: 8/37 [Robin/+6 club (6)]
  2149 | D:3      | Killed Robin
  2331 | D:3      | Learned a level 4 spell: Ice Form
  2479 | D:3      | Found a runed translucent door.
  2538 | D:3      | Found a bloodstained altar of Trog.
  2647 | D:3      | Noticed Sigmund
  2665 | D:3      | Killed Sigmund
  2666 | D:3      | Reached skill level 4 in Transmutations
  2666 | D:3      | Reached skill level 1 in Ice Magic
  2666 | D:3      | Reached XP level 6. HP: 22/43 MP: 10/10
  2840 | D:3      | Noticed hackum's ghost (amateur MfGl)
  2861 | D:3      | Found a runed translucent door.
  2891 | D:3      | Noticed Terence
  2901 | D:3      | Killed Terence
  3012 | D:3      | Found a faded altar of an unknown god.
  3012 | D:3      | Noticed a balrug
  3226 | D:4      | Reached skill level 4 in Unarmed Combat
  3226 | D:4      | Reached skill level 2 in Ice Magic
  3422 | D:4      | Noticed an orc warrior
  3436 | D:4      | Identified the ring "Yklin" {Drain rF+ Dex+7 SInv}
  3446 | D:3      | Killed an orc warrior
  3447 | D:3      | Gained mutation: Your demonic aura sometimes causes spilled
                  | blood to erupt in flames. [demonic ancestry]
  3447 | D:3      | Reached XP level 7. HP: 43/48 MP: 12/12
  3525 | D:4      | You pick up a book of the Tundra and begin reading...
  3525 | D:4      | You add the spells Hailstorm and Simulacrum to your
                  | library.
  3829 | D:4      | Reached skill level 5 in Transmutations
  3829 | D:4      | Reached skill level 3 in Ice Magic
  3829 | D:4      | Found Viwn's Magic Scroll Shop.
  3964 | D:4      | You pick up a book of the Senses and begin reading...
  3964 | D:4      | You add the spells Dazzling Flash, Agony and Silence to
                  | your library.
  4142 | D:4      | Bought a scroll of blinking for 82 gold pieces
  4142 | D:4      | Bought a scroll of identify for 22 gold pieces
  4142 | D:4      | Bought a scroll of identify for 22 gold pieces
  4142 | D:4      | Bought a scroll of identify for 22 gold pieces
  4142 | D:4      | Bought a scroll of identify for 22 gold pieces
  4210 | D:5      | Entered Level 5 of the Dungeon
  4247 | D:5      | Found a staircase to the Ecumenical Temple.
  4256 | Temple   | Entered the Ecumenical Temple
  4275 | Temple   | Became a worshipper of Uskayaw the Reveller
  4299 | D:5      | Reached * piety under Uskayaw
  4303 | D:5      | Reached ** piety under Uskayaw
  4304 | D:5      | Reached skill level 4 in Spellcasting
  4346 | D:5      | Reached skill level 1 in Invocations
  4348 | D:5      | Gained mutation: Your touch may irresistibly damage your
                  | foes and sap their willpower. [demonic ancestry]
  4348 | D:5      | Reached XP level 8. HP: 50/54 MP: 14/14
  4348 | D:5      | Reached *** piety under Uskayaw
  4354 | D:5      | Reached **** piety under Uskayaw
  4395 | D:5      | Reached skill level 4 in Ice Magic
  4405 | D:5      | Found a glowing drain.
  4412 | Sewer    | Entered a sewer
  4567 | Sewer    | Found a shimmering altar of Xom.
  4570 | Sewer    | Reached skill level 2 in Invocations
  5011 | D:5      | Reached skill level 6 in Transmutations
  5292 | D:6      | Reached skill level 5 in Unarmed Combat
  5294 | D:6      | Reached skill level 3 in Invocations
  5382 | D:6      | Noticed Maggie
  5392 | D:6      | Killed Maggie
  5393 | D:6      | Reached skill level 5 in Ice Magic
  5393 | D:6      | Reached skill level 4 in Invocations
  5393 | D:6      | Gained mutation: You are partially covered in razor-sharp
                  | scales. (AC +1, Slay +1) [demonic ancestry]
  5393 | D:6      | Reached XP level 9. HP: 46/59 MP: 13/16
  5443 | D:6      | Noticed Pikel
  5465 | D:6      | Killed Pikel
  5465 | D:6      | Reached ***** piety under Uskayaw
  5466 | D:6      | Reached skill level 5 in Spellcasting
  5466 | D:6      | Reached skill level 7 in Transmutations
  5722 | D:6      | Reached skill level 5 in Invocations
  6477 | D:7      | Mangled by an ogre

Vanquished Creatures
  Pikel (D:6)
  Maggie (D:6)
  Sigmund (D:3)
  A water moccasin (D:5)
  A sky beast (D:6)
  2 orc warriors
  3 lemures (D:6)
  2 phantoms
  2 kobold brigands
  2 bullfrogs
  5 scorpions
  A howler monkey (D:6)
  3 hounds
  3 jellies (Sewer)
  2 orc priests (D:7)
  4 orc wizards
  4 iguanas
  Terence (D:3)
  3 gnolls (D:5)
  10 adders
  3 river rats
  2 white imps
  An ufetubus (D:6)
  3 worms
  A dart slug (D:4)
  18 orcs
  4 bats
  22 endoplasms
  9 giant cockroaches
  13 goblins
  11 hobgoblins
  3 jackals (D:4)
  3 quokkas
  14 ball pythons
  2 frilled lizards
  19 kobolds
  5 rats
185 creatures vanquished.

Vanquished Creatures (collateral kills)
  A wyvern (D:6)
  An ogre (D:4)
  Robin (D:3)
  An ufetubus (D:4)
  A goblin (D:2)
5 creatures vanquished.

Vanquished Creatures (others)
  A demonic plant (D:3)
1 creature vanquished.

Grand Total: 191 creatures vanquished

Table legend:
 A = Non-vault XP
 B = Vault XP
 C = Vault XP percentage of total XP
 D = Non-vault monster count
 E = Vault monster count
 F = Vault count percentage of total count
                 A         B        C        D         E       F
            +---------+---------+-------+---------+---------+-------
      Total |    2461 |    1899 |  43.6 |     131 |      56 |  29.9
            +---------+---------+-------+---------+---------+-------
        D:1 |      35 |       0 |   0.0 |      22 |       0 |   0.0
        D:2 |     162 |       3 |   1.8 |      16 |       2 |  11.1
        D:3 |     200 |     281 |  58.4 |      19 |      15 |  44.1
        D:4 |     389 |       0 |   0.0 |      22 |       0 |   0.0
        D:5 |     775 |      48 |   5.8 |      19 |       8 |  29.6
        D:6 |     526 |    1371 |  72.3 |      18 |       5 |  21.7
        D:7 |     374 |       0 |   0.0 |      15 |       0 |   0.0
      Sewer |       0 |     196 | 100.0 |       0 |      26 | 100.0
            +---------+---------+-------+---------+---------+-------

Illustrated notes

Table legend:
 A = Kills in this place as a percentage of kills in the entire game.
 B = Kills by you in this place as a percentage of kills by you in the entire game.
 C = Kills by friends in this place as a percentage of kills by friends in the entire game.
 D = Other kills in this place as a percentage of other kills in the entire game.
 E = Experience gained in this place as a percentage of experience gained in the entire game.
 F = Experience gained in this place divided by the number of levels of this place that you have seen.
                   A       B       C       D       E      F
               +-------+-------+-------+-------+-------+----------------------
         Total | 100.0 | 100.0 | 100.0 |   N/A | 100.0 | 484.4
       Dungeon |  86.1 |  85.7 | 100.0 |   N/A |  95.5 | 594.9
         Sewer |  13.9 |  14.3 |   0.0 |   N/A |   4.5 | 196.0
               +-------+-------+-------+-------+-------+----------------------

Table legend: (Time is in decaauts)
 A = Elapsed time spent in this place.
 B = Non-inter-level travel time spent in this place.
 C = Inter-level travel time spent in this place.
 D = Time resting spent in this place.
 E = Time spent auto-exploring this place.
 F = Levels seen in this place.
 G = Mean time per level.
                   A        B        C        D        E       F      G
               +--------+--------+--------+--------+--------+-----+--------+
         Total |   6456 |   6132 |    324 |    149 |   4750 |   9 |  717.3 |
       Dungeon |   6123 |   5808 |    315 |    149 |   4563 |   7 |  874.7 |
        Temple |     32 |     23 |      9 |      0 |      0 |   1 |   32.0 |
         Sewer |    300 |    300 |      0 |      0 |    187 |   1 |  300.0 |
               +--------+--------+--------+--------+--------+-----+--------+

Top non-repeatable levels by time:
     D:3: 1356 daAuts
     D:2: 1059 daAuts
     D:6: 1033 daAuts
     D:1: 973 daAuts
     D:4: 804 daAuts
     D:5: 737 daAuts
   Sewer: 300 daAuts
     D:7: 158 daAuts
  Temple: 32 daAuts
